 Dungeon Crawl Stone Soup version 0.20.0 (webtiles) character file.

933 SpeedrunTech the Cleaver (level 7, -3/66 HPs)
             Began as a Minotaur Berserker on June 11, 2017.
             Was a Believer of Trog.
             Slain by a centaur (5 damage)
             ... on level 7 of the Dungeon.
             The game lasted 00:01:09 (2113 turns).

SpeedrunTech the Cleaver (Minotaur Berserker)       Turns: 2113, Time: 00:01:10

Health: -3/66      AC:  2    Str: 23    XL:     7   Next: 86%
Magic:  6/6        EV: 12    Int:  4    God:    Trog [**....]
Gold:   101        SH:  0    Dex: 10    Spells: 6/6 levels left

rFire    . . .     SeeInvis .   a - +0 hand axe
rCold    . . .     Gourm    +   (no shield)
rNeg     . . .     Faith    .   b - +0 animal skin
rPois    .         Spirit   .   (helmet restricted)
rElec    .         Reflect  .   (no cloak)
rCorr    .         Harm     .   (no gloves)
MR       .....                  (no boots)
Stlth    +.........             t - amulet of the gourmand
Regen    0.3/turn               (no ring)
MPRegen  0.1/turn               (no ring)

@: berserk cooldown, slowed, very slow
A: retaliatory headbutt, horns 2
a: Berserk, Trog's Hand, Burn Spellbooks, Renounce Religion


You were on level 7 of the Dungeon.
You worshipped Trog.
Trog was pleased with you.
You were not hungry.

You visited 2 branches of the dungeon, and saw 8 of its levels.

You collected 101 gold pieces.

Inventory:

Hand Weapons
 a - a +0 hand axe (weapon)
Armour
 b - a +0 animal skin (worn)
Jewellery
 t - an amulet of the gourmand (around neck)
 u - an uncursed ring of fire {unknown}
Scrolls
 f - a scroll of immolation {unknown}
 i - 4 scrolls of identify {unknown}
 n - 3 scrolls of noise {unknown}
 o - a scroll of enchant weapon {unknown}
 p - 3 scrolls of remove curse {unknown}
 v - a scroll of teleportation {unknown}
Potions
 d - a potion of flight {unknown}
 e - a potion of invisibility {unknown}
 g - a potion of resistance {unknown}
 h - 2 potions of brilliance {unknown}
 j - a potion of magic {unknown}
 m - 2 potions of agility {unknown}
 r - a potion of heal wounds {unknown}
 w - a potion of haste {unknown}
Books
 s - a book of Misfortune

   Spells                             Type                      Level
   a - Confusing Touch                Hexes                        1
   b - Confuse                        Hexes                        3
   c - Gell's Gravitas                Translocation                3
   d - Petrify                        Transmutation/Earth          4
   e - Metabolic Englaciation         Hexes/Ice                    5
   f - Yara's Violent Unravelling     Hexes/Transmutation          5
   Trog disapproves of the use of such an item.
Comestibles
 c - 3 bread rations
 k - a royal jelly
 l - a meat ration
 q - 4 fruits


   Skills:
 + Level 7.0 Fighting
 * Level 9.7 Axes
 - Level 2.4 Armour
 - Level 2.1 Dodging


You had 6 spell levels left.
You didn't know any spells.

Dungeon Overview and Level Annotations

Branches:
Dungeon (7/15)             Temple (1/1) D:5

Altars:
Dithmenos
Fedhas
Okawaru
Ru
Uskayaw
Zin
The Shining One


Innate Abilities, Weirdness & Mutations

You reflexively headbutt those who attack you in melee.
You have a pair of horns on your head.


Message History

The centaur barely misses you. The centaur closely misses you.
Unknown command.
You are too injured to fight recklessly!
You hit the centaur but do no damage.
The centaur is heavily wounded.
You hit the centaur. The centaur misses you. The centaur barely misses you.
The centaur hits you.
* * * LOW HITPOINT WARNING * * *
The centaur hits you but does no damage.
The centaur hits you!
* * * LOW HITPOINT WARNING * * *
You hit the centaur.
The centaur is heavily wounded.
You hit the centaur. The centaur hits you.
* * * LOW HITPOINT WARNING * * *
The centaur closely misses you. You furiously retaliate!
You headbutt the centaur. The centaur hits you.
* * * LOW HITPOINT WARNING * * *
The centaur hits you.
You die...

# .#. ...###
.....?# .....##
.. #.c.###
....##c@..## .
.?.....(#..###
..
....###.(....#
.#
........(.##.$..
##.####.(..##.##
#...####(....#
#...###(?..#
#.<...#......
#####..../...


You could see 2 centaurs.

Vanquished Creatures
  Pikel (D:5)
  A slave (D:5)
  An ogre (D:3)
  A centaur (D:5)
  A centaur zombie (D:6)
  2 hounds
  2 orc priests (D:4)
  A centaur skeleton (D:5)
  2 orc wizards (D:4)
  2 worker ants (D:4)
  The ghost of SpeedrunTech the Chopper, a weakling MiBe of Trog (D:4)
  A worker ant zombie (D:5)
  An adder zombie (D:5)
  A worm (D:2)
  A dart slug (D:2)
  An orc (D:4)
  2 giant cockroaches
  5 jackals (D:4)
  A bat (D:3)
  2 frilled lizards
  A jackal skeleton (D:4)
  A quokka skeleton (D:6)
  2 rats
34 creatures vanquished.

Notes
Turn   | Place    | Note
-------+----------+-------------------------------------------
     0 | D:1      | SpeedrunTech the Minotaur Berserker began the quest for the Orb.
     0 | D:1      | Reached XP level 1. HP: 19/19 MP: 0/0
   235 | D:2      | Reached skill level 4 in Axes
   265 | D:2      | Reached XP level 2. HP: 17/27 MP: 1/1
   389 | D:3      | Noticed an ogre
   393 | D:3      | Killed an ogre
   393 | D:3      | Reached skill level 5 in Axes
   393 | D:3      | Reached XP level 3. HP: 34/34 MP: 2/2
   393 | D:3      | Reached XP level 4. HP: 41/41 MP: 3/3
   653 | D:4      | Noticed SpeedrunTech's ghost (weakling MiBe)
   661 | D:4      | Killed SpeedrunTech's ghost
   668 | D:4      | Reached skill level 5 in Fighting
   668 | D:4      | Reached skill level 6 in Axes
   668 | D:4      | Reached XP level 5. HP: 42/48 MP: 4/4
   815 | D:4      | Reached skill level 7 in Axes
   828 | D:4      | Reached XP level 6. HP: 15/56 MP: 5/5
  1174 | D:4      | Reached ** piety under Trog
  1356 | D:5      | Entered Level 5 of the Dungeon
  1357 | D:5      | Found a sacrificial altar of Ru.
  1385 | D:5      | Found a staircase to the Ecumenical Temple.
  1433 | Temple   | Entered the Ecumenical Temple
  1788 | D:5      | Noticed a slave
  1788 | D:5      | Noticed a slave
  1788 | D:5      | Noticed a slave
  1788 | D:5      | Noticed a slave
  1789 | D:5      | Noticed Pikel
  1795 | D:5      | Killed a slave
  1797 | D:5      | Killed Pikel
  1797 | D:5      | Reached skill level 9 in Axes
  1797 | D:5      | Reached XP level 7. HP: 64/64 MP: 6/6
  1853 | D:5      | Found a sand-covered staircase.
  1949 | D:5      | Found a glowing silver altar of Zin.
  2113 | D:7      | HP: 2/66 [centaur (6)]
  2113 | D:7      | Slain by a centaur

Skill      XL: |  1  2  3  4  5  6  7 |
---------------+----------------------+-----
Axes           | 4 5 6 7 9 |  9.7
Fighting       | 4 5 6 7 |  7.0
Armour         | |  2.4
Dodging        | |  2.1

Action                   |  1- 3 |  4- 6 |  7- 9 || total
-------------------------+-------+-------+-------++-------
Melee: Hand axe          |    11 |    68 |    15 ||    94
       Headbutt          |     2 |    14 |     4 ||    20
Invok: Berserk           |     1 |     4 |     1 ||     6
  Eat: Chunk             |       |    11 |     3 ||    14
Armor: Animal skin       |       |     7 |     3 ||    10
Dodge: Dodged            |    11 |    42 |    18 ||    71
